PAA
SUN PRAIRIE SWALLOWS @ HELENA GRIZZLIES
07/12/2023
 
TOP OF THE 1ST
Sun Prairie Swallows batting - Pitching for Helena Grizzlies : RHP Doruk Oyan
Pitching: RHP Doruk Oyan
Batting: RHB José Silva 0-0: Fly out, F8 (Flyball, 8RM)
Batting: RHB Bob Wilson 0-0: Fly out, F8 (Flyball, 8LM)
Batting: RHB Luis Tapia 0-0: Called Strike
0-1: Swinging Strike
0-2: Strikes out swinging
Top of the 1st over - 0 run(s), 0 hit(s), 0 error(s), 0 left on base; Sun Prairie 0 - Helena 0
BOTTOM OF THE 1ST
Helena Grizzlies batting - Pitching for Sun Prairie Swallows : LHP Jorge Velázquez
Pitching: LHP Jorge Velázquez
Batting: RHB Gonzalo Sánchez 0-0: Ball
1-0: Called Strike
1-1: Ball
2-1: Ball
3-1: Called Strike
3-2: Base on Balls
Batting: LHB Eugene Henson 0-0: Called Strike
0-1: Swinging Strike
0-2: Ball
1-2: Fly out, F8 (Line Drive, 8LM)
Batting: RHB Álex Estrada 0-0: Called Strike
0-1: Ball
1-1: Ball
2-1: Swinging Strike
2-2: Foul Ball, location: 2F
2-2: 2-RUN HOME RUN (Flyball, 8LXD), Distance : 432 ft
Batting: RHB Chris Woodruff 0-0: Called Strike
0-1: SINGLE (Flyball, 9LS)
Batting: LHB Andrew Palmer 0-0: Ground out 2-3 (Groundball, 25)
Chris Woodruff to second
Batting: RHB Dusty Childress 0-0: Ball
1-0: Called Strike
1-1: Foul Ball, location: 2F
1-2: Ball
2-2: SINGLE (Groundball, 56)
Chris Woodruff to third
Runner from 3rd tries for Home, SAFE, no throw or cutoff
Batting: RHB Jorge Gutiérrez 0-0: Called Strike
0-1: SINGLE (Flyball, 89S)
Dusty Childress to second
Runner from 2nd tries for 3rd, SAFE, no throw or cutoff
Batting: LHB Tom Cotton 0-0: Foul Ball, location: 2F
0-1: Ball
1-1: Swinging Strike
1-2: Fly out, F7 (Flyball, 7M)
Bottom of the 1st over - 3 run(s), 4 hit(s), 0 error(s), 2 left on base; Sun Prairie 0 - Helena 3
TOP OF THE 2ND
Sun Prairie Swallows batting - Pitching for Helena Grizzlies : RHP Doruk Oyan
Batting: LHB Bobby Moore 0-0: Ball
1-0: Swinging Strike
1-1: Ball
2-1: Ground out 6-3 (Groundball, 6)
Batting: RHB José Carlos Ramos 0-0: Ball
1-0: Foul Ball, location: 2F
1-1: Ball
2-1: Foul Ball, location: 2F
2-2: Ball
3-2: Base on Balls
Batting: SHB Chris Murray 0-0: Called Strike
0-1: Fly out, F7 (Flyball, 78D)
Batting: RHB Matías Torrella 0-0: SINGLE (Line Drive, 56D)
José Carlos Ramos to second
Batting: RHB Darby Carveth 0-0: Ball
1-0: Swinging Strike
1-1: Ball
2-1: Fly out, F8 (Flyball, 8LXD)
Top of the 2nd over - 0 run(s), 1 hit(s), 0 error(s), 2 left on base; Sun Prairie 0 - Helena 3
BOTTOM OF THE 2ND
Helena Grizzlies batting - Pitching for Sun Prairie Swallows : LHP Jorge Velázquez
Batting: RHB Jorge Arreola 0-0: Fly out, F8 (Flyball, 8RM)
Batting: RHB Gonzalo Sánchez 0-0: Foul Ball, location: 2F
0-1: Fly out, F7 (Flyball, 7S)
Batting: LHB Eugene Henson 0-0: Foul Ball, location: 2F
0-1: Ball
1-1: Ball
2-1: Called Strike
2-2: Fly out, F8 (Line Drive, 8LS)
Bottom of the 2nd over - 0 run(s), 0 hit(s), 0 error(s), 0 left on base; Sun Prairie 0 - Helena 3
TOP OF THE 3RD
Sun Prairie Swallows batting - Pitching for Helena Grizzlies : RHP Doruk Oyan
Batting: RHB Alfonso López 0-0: Ball
1-0: Fly out, F7 (Flyball, 7M)
Batting: RHB José Silva 0-0: Swinging Strike
0-1: Ball
1-1: Ball
2-1: Called Strike
2-2: Ball
3-2: Strikes out swinging
Batting: RHB Bob Wilson 0-0: Ball
1-0: Foul Ball, location: 2F
1-1: Foul Ball, location: 2F
1-2: Strikes out swinging
Top of the 3rd over - 0 run(s), 0 hit(s), 0 error(s), 0 left on base; Sun Prairie 0 - Helena 3
BOTTOM OF THE 3RD
Helena Grizzlies batting - Pitching for Sun Prairie Swallows : LHP Jorge Velázquez
Batting: RHB Álex Estrada 0-0: Ball
1-0: Ball
2-0: Foul Ball, location: 2F
2-1: Ball
3-1: SINGLE (Line Drive, 6M)
Batting: RHB Chris Woodruff 0-0: Ball
1-0: Foul Ball, location: 2F
1-1: Foul Ball, location: 2F
1-2: Ball
2-2: Foul Ball, location: 2F
2-2: Ball
3-2: SINGLE (Groundball, 56D)
Álex Estrada to second
Batting: LHB Andrew Palmer 0-0: Fly out, F7 (Flyball, 8LM)
Batting: RHB Dusty Childress 0-0: Swinging Strike
0-1: Ball
1-1: Fly out, F3 (Popup, 23F)
Batting: RHB Jorge Gutiérrez 0-0: Called Strike
0-1: SINGLE (Flyball, 89S)
Álex Estrada to third
Chris Woodruff to second
Runner from 3rd tries for Home, SAFE, no throw or cutoff
Batting: LHB Tom Cotton 0-0: Called Strike
0-1: Swinging Strike
0-2: Ball
1-2: Ball
2-2: Strikes out swinging
Bottom of the 3rd over - 1 run(s), 3 hit(s), 0 error(s), 2 left on base; Sun Prairie 0 - Helena 4
TOP OF THE 4TH
Sun Prairie Swallows batting - Pitching for Helena Grizzlies : RHP Doruk Oyan
Batting: RHB Luis Tapia 0-0: Ground out 5-3 (Groundball, 56)
Batting: LHB Bobby Moore 0-0: SOLO HOME RUN (Flyball, 9D), Distance : 400 ft
Batting: RHB José Carlos Ramos 0-0: Called Strike
0-1: Fly out, F6 (Popup, 6)
Batting: SHB Chris Murray 0-0: Ball
1-0: Ground out 4-3 (Groundball, 4)
Top of the 4th over - 1 run(s), 1 hit(s), 0 error(s), 0 left on base; Sun Prairie 1 - Helena 4
BOTTOM OF THE 4TH
Helena Grizzlies batting - Pitching for Sun Prairie Swallows : LHP Jorge Velázquez
Batting: RHB Jorge Arreola 0-0: SINGLE (Line Drive, 6MD)
Batting: RHB Gonzalo Sánchez 0-0: Grounds into double play, U6-3 (Groundball, 6)
Batting: LHB Eugene Henson 0-0: Ground out 6-3 (Groundball, 6)
Bottom of the 4th over - 0 run(s), 1 hit(s), 0 error(s), 0 left on base; Sun Prairie 1 - Helena 4
TOP OF THE 5TH
Sun Prairie Swallows batting - Pitching for Helena Grizzlies : RHP Doruk Oyan
Batting: RHB Matías Torrella 0-0: Called Strike
0-1: Ball
1-1: Called Strike
1-2: Ball
2-2: Ground out 6-3 (Groundball, 56D)
Batting: RHB Darby Carveth 0-0: Ball
1-0: Called Strike
1-1: Swinging Strike
1-2: Foul Ball, location: 2F
1-2: Ball
2-2: Foul Ball, location: 2F
2-2: Ball
3-2: SINGLE (Groundball, 6MD)
Batting: RHB Alfonso López 0-0: Ball
1-0: Called Strike
Darby Carveth is caught stealing 2nd base
1-1: Ground out 5-3 (Groundball, 15S)
Top of the 5th over - 0 run(s), 1 hit(s), 0 error(s), 0 left on base; Sun Prairie 1 - Helena 4
BOTTOM OF THE 5TH
Helena Grizzlies batting - Pitching for Sun Prairie Swallows : LHP Jorge Velázquez
Batting: RHB Álex Estrada 0-0: Fly out, F5 (Popup, 15)
Batting: RHB Chris Woodruff 0-0: Swinging Strike
0-1: Ball
1-1: Ground out 4-3 (Groundball, 4)
Batting: LHB Andrew Palmer 0-0: Fly out, F7 (Flyball, 7M)
Bottom of the 5th over - 0 run(s), 0 hit(s), 0 error(s), 0 left on base; Sun Prairie 1 - Helena 4
TOP OF THE 6TH
Sun Prairie Swallows batting - Pitching for Helena Grizzlies : RHP Doruk Oyan
Batting: RHB José Silva 0-0: Ball
1-0: Ball
2-0: Called Strike
2-1: Foul Ball, location: 2F
2-2: Strikes out swinging
Batting: RHB Bob Wilson 0-0: Called Strike
0-1: Called Strike
0-2: Ball
1-2: Foul Ball, location: 2F
1-2: Foul Ball, location: 2F
1-2: SINGLE (Groundball, 34D)
Batting: RHB Luis Tapia 0-0: Called Strike
0-1: Ball
1-1: Called Strike
1-2: Strikes out looking
Batting: LHB Bobby Moore 0-0: Called Strike
0-1: DOUBLE (Line Drive, 5L)
Bob Wilson to third
Batting: RHB José Carlos Ramos 0-0: Called Strike
0-1: Fly out, F8 (Flyball, 8RM)
Top of the 6th over - 0 run(s), 2 hit(s), 0 error(s), 2 left on base; Sun Prairie 1 - Helena 4
BOTTOM OF THE 6TH
Helena Grizzlies batting - Pitching for Sun Prairie Swallows : LHP Jorge Velázquez
Batting: RHB Dusty Childress 0-0: DOUBLE (Groundball, 5L)
Batting: RHB Jorge Gutiérrez 0-0: Intentional Walk
Batting: LHB Tom Cotton 0-0: Bunt missed!
0-1: Sac Bunt - play at first, batter OUT! 1-4
Dusty Childress to third
Jorge Gutiérrez to second
Batting: RHB Jorge Arreola 0-0: Foul Ball, location: 2F
0-1: Swinging Strike
0-2: SINGLE (Groundball, 34D)
Dusty Childress scores
Jorge Gutiérrez to third
Runner from 3rd tries for Home, SAFE, no throw or cutoff
Pitching: LHP Martin García
Batting: RHB Gonzalo Sánchez 0-0: Ball
1-0: Ball
2-0: Foul Ball, location: 2F
2-1: DOUBLE (Flyball, 89D)
Jorge Arreola to third
Runner from 3rd tries for Home, throw and OUT!
Batting: LHB Eugene Henson 0-0: Foul Ball, location: 2F
0-1: Fly out, F7 (Flyball, 7LM)
Bottom of the 6th over - 2 run(s), 3 hit(s), 0 error(s), 1 left on base; Sun Prairie 1 - Helena 6
TOP OF THE 7TH
Sun Prairie Swallows batting - Pitching for Helena Grizzlies : RHP Doruk Oyan
Batting: SHB Chris Murray 0-0: Called Strike
0-1: Foul Ball, location: 2F
0-2: Foul Ball, location: 2F
0-2: Foul Ball, location: 2F
0-2: Ball
1-2: Fly out, F8 (Flyball, 8RS)
Batting: RHB Matías Torrella 0-0: Foul Ball, location: 2F
0-1: Ball
1-1: Ball
2-1: Fly out, F8 (Flyball, 8LM)
Batting: RHB Darby Carveth 0-0: Ball
1-0: Ball
2-0: Ground out 6-3 (Groundball, 6)
Top of the 7th over - 0 run(s), 0 hit(s), 0 error(s), 0 left on base; Sun Prairie 1 - Helena 6
BOTTOM OF THE 7TH
Helena Grizzlies batting - Pitching for Sun Prairie Swallows : LHP Martin García
Batting: RHB Álex Estrada 0-0: Called Strike
0-1: Foul Ball, location: 2F
0-2: Strikes out swinging
Batting: RHB Chris Woodruff 0-0: Swinging Strike
0-1: Swinging Strike
0-2: Foul Ball, location: 2F
0-2: Strikes out swinging
Batting: LHB Andrew Palmer 0-0: Ball
1-0: Called Strike
1-1: Ground out 4-3 (Groundball, 4M)
Bottom of the 7th over - 0 run(s), 0 hit(s), 0 error(s), 0 left on base; Sun Prairie 1 - Helena 6
TOP OF THE 8TH
Sun Prairie Swallows batting - Pitching for Helena Grizzlies : RHP Doruk Oyan
Batting: RHB Alfonso López 0-0: Ball
1-0: Ball
2-0: Ball
3-0: Called Strike
3-1: Fly out, F3 (Popup, 34S)
Batting: RHB José Silva 0-0: Ball
1-0: Swinging Strike
1-1: Fly out, F7 (Flyball, 7M)
Batting: RHB Bob Wilson 0-0: Ball
1-0: Called Strike
1-1: Ground out 6-3 (Groundball, 6)
Top of the 8th over - 0 run(s), 0 hit(s), 0 error(s), 0 left on base; Sun Prairie 1 - Helena 6
BOTTOM OF THE 8TH
Helena Grizzlies batting - Pitching for Sun Prairie Swallows : LHP Martin García
Batting: RHB Dusty Childress 0-0: Called Strike
0-1: Ball
1-1: Foul Ball, location: 2F
1-2: Strikes out swinging, 2-3 out at first.
Batting: RHB Jorge Gutiérrez 0-0: Foul Ball, location: 2F
0-1: Fly out, F8 (Flyball, 8RM)
Batting: LHB Tom Cotton 0-0: Ball
1-0: Ball
2-0: Foul Ball, location: 2F
2-1: Reached on error, E3 (Groundball, 3)
Batting: RHB Jorge Arreola 0-0: Ball
1-0: Called Strike
1-1: Foul Ball, location: 2F
1-2: SINGLE (Line Drive, 9S)
Tom Cotton to second
Batting: RHB Gonzalo Sánchez 0-0: Ball
1-0: Ball
2-0: Ball
3-0: Called Strike
3-1: Base on Balls
Tom Cotton to third
Jorge Arreola to second
Batting: LHB Eugene Henson 0-0: Ball
1-0: Called Strike
1-1: Ball
2-1: Foul Ball, location: 2F
2-2: Foul Ball, location: 2F
2-2: Ground out 6-3 (Groundball, 56)
Bottom of the 8th over - 0 run(s), 1 hit(s), 1 error(s), 3 left on base; Sun Prairie 1 - Helena 6
TOP OF THE 9TH
Sun Prairie Swallows batting - Pitching for Helena Grizzlies : RHP Doruk Oyan
Pitching: RHP Jim Atkinson
Batting: RHB Luis Tapia 0-0: Ground out 1-3 (Groundball, 2L)
Batting: LHB Bobby Moore 0-0: Called Strike
0-1: Ball
1-1: Foul Ball, location: 2F
1-2: Foul Ball, location: 2F
1-2: Fly out, F6 (Line Drive, 6)
Batting: RHB José Carlos Ramos 0-0: Ball
1-0: Ball
2-0: Ball
3-0: Called Strike
3-1: Ground out 6-3 (Groundball, 6)
Top of the 9th over - 0 run(s), 0 hit(s), 0 error(s), 0 left on base; Sun Prairie 1 - Helena 6
This league is powered by Out of the Park Baseball, the baseball management simulation game for PC, Mac and Linux
Friday, July 8th, 2016 - OOTP Baseball 16.9 Build 39